 Dungeon Crawl Stone Soup version 0.20.1-1-g8b1a95d (webtiles) character file.

36 tidbits the Caller (level 3, 0/26 HPs)
             Began as a Draconian Summoner on Aug 9, 2017.
             Slain by an ogre
             ... wielding a +0 giant spiked club
              (18 damage)
             ... on level 4 of the Dungeon.
             The game lasted 00:05:00 (603 turns).

tidbits the Caller (Draconian Summoner)              Turns: 603, Time: 00:05:00

Health: 0/26       AC:  5    Str: 11    XL:     3   Next: 19%
Magic:  2/6        EV: 12    Int: 15    God:
Gold:   31         SH:  0    Dex: 11    Spells: 5/6 levels left

rFire    . . .     SeeInvis .   a - +4 short sword
rCold    . . .     Gourm    .   (no shield)
rNeg     . . .     Faith    .   (armour unavailable)
rPois    .         Spirit   .   (helmet restricted)
rElec    .         Reflect  .   (no cloak)
rCorr    .         Harm     .   (no gloves)
MR       .....                  (no boots)
Stlth    ++........             (no amulet)
Regen    0.1/turn               (no ring)
MPRegen  0.1/turn               (no ring)

@: no status effects
A: unfitting armour, cold-blooded, AC +5
a: no special abilities


You were on level 4 of the Dungeon.
You were not hungry.

You visited 1 branch of the dungeon, and saw 4 of its levels.

You collected 31 gold pieces.

Inventory:

Hand Weapons
 a - a +4 short sword (weapon)
 c - a +0 dagger of speed
   (You took it off a kobold on level 1 of the Dungeon)
 u - a +0 hunting sling
Missiles
 l - 62 stones (quivered)
Wands
 o - a wand of random effects (21/48)
 q - a wand of polymorph (9/24)
Scrolls
 g - a scroll of enchant armour {unknown}
 h - a scroll of magic mapping {unknown}
 i - a scroll of fear {unknown}
 k - a scroll of immolation {unknown}
 m - 2 scrolls of recharging {unknown}
 p - a scroll of remove curse {unknown}
Potions
 f - a potion of heal wounds
 j - a potion of brilliance
 s - a potion of curing {unknown}
 t - a potion of haste {unknown}
Books
 e - a book of Callings

   Spells                             Type                      Level
   a - Summon Small Mammal            Summoning                    1
   b - Call Imp                       Summoning                    2
   c - Call Canine Familiar           Summoning                    3
   d - Summon Guardian Golem          Hexes/Summoning              3
   e - Summon Lightning Spire         Summoning/Air                4
   f - Summon Ice Beast               Ice/Summoning                4
Comestibles
 b - 2 bread rations
 d - a meat ration
 n - a chunk of flesh
 r - a royal jelly


   Skills:
 + Level 0.0 Fighting
 + Level 1.7 Dodging
 - Level 1.7 Stealth
 - Level 2.9 Unarmed Combat
 - Level 2.0 Spellcasting
 - Level 4.0 Summonings


You had 5 spell levels left.
You knew the following spells:

 Your Spells              Type           Power        Failure   Level  Hunger
z - Summon Small Mammal   Summ           ##..         4%          1    #......


Dungeon Overview and Level Annotations

Branches:
Dungeon (4/15)
 Temple: D:4-7

Altars:
Dithmenos

Annotations:
D:3 Haddockses's ghost, amateur GrFi


Innate Abilities, Weirdness & Mutations

Your plain brown scales are hard. (AC +5)
You cannot fit into any form of body armour.
You are cold-blooded and may be slowed by cold attacks.


Message History

There is a stone staircase leading down here.
You climb downwards.
Found 25 stones and an orange potion.
There is a stone staircase leading up here.
l - 48 stones (gained 25)
s - an orange potion
There is a stone staircase leading up here.
You climb upwards.
There is a stone staircase leading down here.
t - a glowing white potion
There is a stone staircase leading up here.
You climb upwards.
A goblin comes into view.
There is a stone staircase leading down here.
Casting: Summon Small Mammal
Confirm with . or Enter, or press ? or * to list all spells.
The goblin shouts!
The goblin wields a hunting sling.
The goblin shoots a stone.
The stone hits you.
* * * LOW HITPOINT WARNING * * *
You see here a stone.
You hit the goblin.
Your tail-slap misses the goblin.
The goblin is severely wounded.
The goblin unwields an uncursed hunting sling.
The goblin hits you.
* * * LOW HITPOINT WARNING * * *
You barely miss the goblin.
The goblin is severely wounded.
The goblin hits you.
* * * LOW HITPOINT WARNING * * *
Your quokka bites the goblin.
The goblin dies!
l - 61 stones (gained 13)
You see here an uncursed hunting sling.
u - an uncursed hunting sling
Okay, then.
Drop what? 21/52 slots (_ for help) (? for menu, Esc to quit)
You drop a hunting sling.
You swap places.
You see here a hunting sling.
l - 62 stones (gained 1)
There is a stone staircase leading down here.
You climb downwards.
Your summoned ally is left behind.
There is a stone staircase leading up here.
There is a stone staircase leading down here.
Found 2 gold pieces.
Found 4 gold pieces.
You now have 22 gold pieces (gained 2).
You now have 26 gold pieces (gained 4).
Found 5 gold pieces.
Found a club.
You now have 31 gold pieces (gained 5).
You see here a club.
Haddockses's ghost (amateur Gargoyle Fighter) comes into view.
There is a stone staircase leading down here.
You climb downwards.
There is a stone staircase leading up here.
Found a glowing short sword.
You see here a glowing short sword.
e - a glowing short sword Wield which item (- for none, * to show all)? (? for menu, Esc to quit)
e - a +4 short sword (weapon)
Adjust (i)tems, (s)pells, or (a)bilities?
Adjust which item? (? for menu, Esc to quit)
e - a +4 short sword (weapon)
Adjust to which letter? (? for menu, Esc to quit)
a - a +4 short sword (weapon);
e - a book of Callings Unknown command.
An ogre comes into view. It is wielding a giant spiked club.
The ogre shouts!
Casting: Summon Small Mammal
Confirm with . or Enter, or press ? or * to list all spells.
The ogre misses your bat.
Casting: Summon Small Mammal
Confirm with . or Enter, or press ? or * to list all spells.
Your bat hits the ogre but does no damage.
Casting: Summon Small Mammal
Confirm with . or Enter, or press ? or * to list all spells.
The ogre hits your bat with a giant spiked club!!
Your bat dies!
Your bat's corpse disappears in a puff of smoke!
Your rat bites the ogre.
Casting: Summon Small Mammal
Confirm with . or Enter, or press ? or * to list all spells.
The ogre hits your rat with a giant spiked club!!
Your rat dies!
Your rat's corpse disappears in a puff of smoke!
Your rat bites the ogre.
Your bat hits the ogre.
Your rat barely misses the ogre.
You hit the ogre.
The ogre is moderately wounded.
Your bat hits the ogre.
The ogre hits you with a giant spiked club.
Your rat bites the ogre.
You closely miss the ogre.
Your tail-slap misses the ogre.
The ogre is moderately wounded.
Your bat hits the ogre but does no damage.
The ogre hits you with a giant spiked club!!
Ouch! That really hurt!
You die...

#.##.####...###.....#
.............##.##..###
.##.##.#...###........
#.............#..##.
#....###.##.............
#.# #.##.#####.##.##.
#.##+....#.##...#
#.##.###........#.#####.
#......@.r.#+#..#.#####.
#.##.###O.b+ #...<...
....# ####.... ......
+....... .........
####.... .#....... ##...
..##.....# #... #...##
#... #...


You could see an ogre, a friendly bat and a friendly rat.

Vanquished Creatures
  An adder (D:3)
  An ooze (D:3)
  2 bats
  2 giant cockroaches
  A hobgoblin (D:3)
  4 jackals (D:2)
  A ball python (D:3)
  2 frilled lizards
  2 goblins
  3 kobolds
  2 rats (D:2)
21 creatures vanquished.

Vanquished Creatures (collateral kills)
  A goblin (D:2)
  2 kobolds
  A ball python (D:2)
  2 bats (D:1)
  2 rats
8 creatures vanquished.

Grand Total: 29 creatures vanquished

Notes
Turn   | Place    | Note
-------+----------+-------------------------------------------
     0 | D:1      | tidbits the Draconian Summoner began the quest for the Orb.
     0 | D:1      | Reached XP level 1. HP: 14/14 MP: 3/3
    85 | D:1      | Reached skill level 1 in Unarmed Combat
   151 | D:2      | Reached XP level 2. HP: 18/20 MP: 3/5
   167 | D:2      | Found a shadowy altar of Dithmenos.
   209 | D:2      | Reached skill level 2 in Unarmed Combat
   374 | D:3      | Reached XP level 3. HP: 18/26 MP: 2/6
   548 | D:3      | Noticed Haddockses's ghost (amateur GrFi)
   594 | D:4      | Noticed an ogre
   603 | D:4      | Slain by an ogre

Skill      XL: |  1  2 |
---------------+-------+-----
Unarmed Combat | 1 2 |  2.9
Dodging        | |  1.7
Stealth        | |  1.7
Spellcasting   | |  2.0
Summonings     | |  4.0

Action                   || total
-------------------------++-------
Melee: Dagger            ||    83
       Tailslap          ||     9
       Unarmed           ||     3
       Short sword       ||     2
 Cast: Summon Small Mamm ||    20
  Use: Scroll            ||     2
 Stab: Sleeping          ||     2
Armor: Skin              ||    28
Dodge: Dodged            ||    60

Table legend:
 A = Turns spent in this place as a percentage of turns spent in the entire game.
 B = Non-inter-level travel turns spent in this place as a percentage of non-inter-level travel turns spent in the entire game.
 C = Inter-level travel turns spent in this place as a percentage of turns spent in this place.
 D = Turns resting spent in this place as a percentage of non-inter-level travel turns spent in this place.
 E = Turns spent auto-exploring this place as a percentage of non-inter-level travel turns spent in this place.
 F = Non-inter-level travel turns spent in this place divided by the number of levels of this place that you've seen.
                   A       B       C       D       E      F
               +-------+-------+-------+-------+-------+----------------------
         Total | 100.0 | 100.0 |   0.0 |   0.0 |   0.0 | 150.8
       Dungeon | 100.0 | 100.0 |   0.0 |   0.0 |   0.0 | 150.8
               +-------+-------+-------+-------+-------+----------------------

Table legend:
 A = Kills in this place as a percentage of kills in entire the game.
 B = Kills by you in this place as a percentage of kills by you in the entire game.
 C = Kills by friends in this place as a percentage of kills by friends in the entire game.
 D = Other kills in this place as a percentage of other kills in the entire game.
 E = Experience gained in this place as a percentage of experience gained in the entire game.
 F = Experience gained in this place divided by the number of levels of this place that you have seen.
                   A       B       C       D       E      F
               +-------+-------+-------+-------+-------+----------------------
         Total | 100.0 | 100.0 | 100.0 |  -nan | 100.0 |  13.0
       Dungeon | 100.0 | 100.0 | 100.0 |  -nan | 100.0 |  13.0
               +-------+-------+-------+-------+-------+----------------------

Vault maps used:
D:1:      shiori_arrival_oz
D:2:      nicolae_dithmenos_shadow_blocks
D:3:      uniq_natasha, uniq_terence, uniq_crazy_yiuf_cottage
D:4:      kennysheep_mini_moat, lemuel_coloured_pillars_altar,
          minmay_misc_feat_x
